 Dungeon Crawl Stone Soup version 0.28-a0-697-g47f3eba078 (webtiles) character file.

Game seed: 16019077991970535691

256 ytrimaz the Grave Robber (level 5, -6/28 HPs)
             Began as a Deep Elf Necromancer on Oct 24, 2021.
             Killed by nerve-wracking pain
             ... invoked by Grinder
              (10 damage)
             ... while paralysed by Grinder
             ... on level 4 of the Dungeon.
             The game lasted 00:05:01 (4510 turns).

ytrimaz the Grave Robber (Deep Elf Necromancer)     Turns: 4510, Time: 00:05:02

Health: -6/28      AC:  6    Str:  5    XL:     5   Next: 92%
Magic:  12/15      EV:  2    Int: 21    God:
Gold:   134        SH:  0    Dex: 15    Spells: 6/16 levels left

rFire   . . .      SeeInvis .   g - +2 dagger (venom)
rCold   . . .      Faith    .   (no shield)
rNeg    . . .      Spirit   .   a - +0 robe
rPois   .          Reflect  .   (no helmet)
rElec   .          Harm     .   c - +2 cloak
rCorr   .          Rampage  .   h - +0 pair of gloves
Will    .....                   (no boots)
Stlth   ++........              (no amulet)
HPRegen 0.09/turn               (no ring)
MPRegen 0.14/turn               (no ring)

@: paralysed
A: no striking features
a: no special abilities


You were on level 4 of the Dungeon.
You visited 1 branch of the dungeon, and saw 4 of its levels.

You collected 134 gold pieces.

Inventory:

Hand Weapons
 g - a +2 dagger of venom (weapon)
Armour
 a - a +0 robe (worn)
 c - a +2 cloak (worn)
 h - a +0 pair of gloves (worn)
Scrolls
 f - a scroll of magic mapping
 i - a scroll of blinking
Potions
 b - a potion of might
 d - 2 potions of heal wounds {unknown}
 e - a potion of mutation


   Skills:
 - Level 2.4 Dodging
 - Level 2.4 Stealth
 + Level 6.3 Spellcasting
 + Level 7.0 Necromancy


You had 6 spell levels left.
You knew the following spells:

 Your Spells              Type           Power      Damage    Failure   Level
a - Pain                  Necr           100%       1d9       1%          1
b - Animate Dead          Necr           18%        N/A       5%          4
c - Agony                 Necr           36%        N/A       14%         5

Your spell library contained the following spells:

 Spells                   Type           Power      Damage    Failure   Level
 Animate Skeleton         Necr           72%        N/A       1%          1
 Vampiric Draining        Necr           18%        2d8       1%          3


Dungeon Overview and Level Annotations

Branches:
Dungeon (4/15)
 Temple: D:4-7

Altars:
Qazlal
Trog
Uskayaw

Shops:
D:1 =   D:2 [

Annotations:
D:4 Grinder


Message History

You hit Grinder but do no damage.
Grinder is poisoned.
Grinder hits you but does no damage.
Your goblin zombie barely misses Grinder.
Your giant cockroach zombie barely misses Grinder.
You hit Grinder but do no damage. Grinder hits you.
You writhe in agony.
Your giant cockroach zombie closely misses Grinder.
You hit Grinder but do no damage.
Grinder is lightly wounded.
Your goblin zombie closely misses Grinder.
Your kobold zombie hits Grinder but does no damage.
Grinder hits you.
You writhe in agony.
Your giant cockroach zombie barely misses Grinder.
Unknown command.
You barely miss Grinder.
Grinder is lightly wounded.
Your goblin zombie hits Grinder with a +0 club.
Your kobold zombie misses Grinder.
Grinder hits you!
* * * LOW HITPOINT WARNING * * *
You writhe in agony.
* * * LOW HITPOINT WARNING * * *
Your giant cockroach zombie barely misses Grinder.
You swap places.
Your goblin zombie barely misses Grinder.
Your kobold zombie hits Grinder but does no damage.
Grinder hits you but does no damage.
Your giant cockroach zombie misses Grinder.
Grinder gestures at you. You resist with significant effort.
Your goblin zombie hits Grinder with a +0 club.
Your kobold zombie misses Grinder.
Your giant cockroach zombie barely misses Grinder.
Grinder gestures at you. You resist with significant effort.
There is a stone staircase leading down here.
Grinder gestures at you.
You suddenly lose the ability to move!
Your giant cockroach zombie closely misses Grinder.
Grinder gestures at you. Pain shoots through your body!
You die...

### #<# #.# ####.# #.@..#
###
#######.###############..
.......>..............'..
#######.########......#..
#....5# #......#..
#.##.Z# ####.........
#.Z### #........####
#...Z# #........#
........#?..#........#


You could see Grinder (poisoned, ally target), a friendly giant cockroach zombie
and a friendly goblin zombie.

Vanquished Creatures
  An ice beast (D:4)
  A water moccasin skeleton (D:3)
  7 adders
  A shadow imp (D:3)
  4 endoplasms
  2 giant cockroaches
  3 goblins
  8 hobgoblins
  6 kobolds
  4 quokkas
  4 ball pythons
  4 bats
  3 frilled lizards (D:2)
  5 rats
53 creatures vanquished.

Notes
Turn   | Place    | Note
-------+----------+-------------------------------------------
     0 | D:1      | ytrimaz the Deep Elf Necromancer began the quest for the
                  | Orb.
     0 | D:1      | Reached XP level 1. HP: 10/10 MP: 6/6
    51 | D:1      | Reached skill level 5 in Necromancy
   573 | D:1      | Reached XP level 2. HP: 12/15 MP: 5/8
  1025 | D:1      | Found Femej's Jewellery Shop.
  1409 | D:2      | Reached XP level 3. HP: 17/19 MP: 7/10
  2340 | D:2      | Found Buolim's Armour Boutique.
  2602 | D:3      | Reached skill level 6 in Necromancy
  2602 | D:3      | Reached XP level 4. HP: 19/24 MP: 6/12
  2778 | D:3      | HP: 1/24 [water moccasin skeleton (5)]
  2780 | D:3      | Reached skill level 5 in Spellcasting
  3567 | D:3      | Found a hide-covered altar of Uskayaw.
  3700 | D:3      | Reached XP level 5. HP: 20/28 MP: 8/14
  3793 | D:3      | Learned a level 4 spell: Animate Dead
  3799 | D:3      | Learned a level 5 spell: Agony
  4029 | D:3      | Found a stormy altar of Qazlal.
  4032 | D:3      | Noticed an air elemental
  4136 | D:3      | Noticed a fire elemental
  4136 | D:3      | Noticed a water elemental
  4314 | D:4      | Found a bloodstained altar of Trog.
  4367 | D:4      | Noticed an ice beast
  4378 | D:4      | Killed an ice beast
  4379 | D:4      | Reached skill level 7 in Necromancy
  4490 | D:4      | Noticed Grinder
  4509 | D:4      | Paralysed by Grinder for 3 turns
  4510 | D:4      | Killed from afar by Grinder

Illustrated notes

Levels and vault maps discovered:
D:1:      nzn_arrival_settlement, layout_basic, serial_shops, shop
D:2:      layout_basic, serial_shops, shop, hangedman_decor_diamond_cutter,
          minmay_liquid_box, chequers_serial_rivers_small_b
D:3:      layout_loops_ring, nicolae_qazlal_style_of_elements,
          mainiacjoe_overflow_24_doors
D:4:      layout_basic, lightli_temple_of_fire, nemelex_diamond_rough_becter,
          minivault_5, hangedman_abyss_or_decor_stagger, uniq_grinder

Skill      XL: |  1  2  3  4  5 |
---------------+----------------+-----
Necromancy     | 5 6 7 |  7.0
Spellcasting   | 4 5 6 |  6.3
Dodging        | |  2.4
Stealth        | |  2.4

Action                   |  1- 3 |  4- 6 || total
-------------------------+-------+-------++-------
Melee: Dagger            |     5 |    26 ||    31
 Cast: Pain              |    68 |    34 ||   102
       Animate Dead      |       |     2 ||     2
  Use: Scroll            |     3 |     3 ||     6
 Stab: Sleeping          |       |     1 ||     1
Armor: Robe              |     5 |     8 ||    13
Dodge: Dodged            |    16 |    13 ||    29

Table legend: (Time is in decaauts)
 A = Elapsed time spent in this place.
 B = Non-inter-level travel time spent in this place.
 C = Inter-level travel time spent in this place.
 D = Time resting spent in this place.
 E = Time spent auto-exploring this place.
 F = Levels seen in this place.
 G = Mean time per level.
                   A        B        C        D        E       F      G
               +--------+--------+--------+--------+--------+-----+--------+
         Total |   4512 |   4449 |     63 |    774 |   3230 |   4 | 1128.0 |
       Dungeon |   4512 |   4449 |     63 |    774 |   3230 |   4 | 1128.0 |
               +--------+--------+--------+--------+--------+-----+--------+

Top non-repeatable levels by time:
     D:3: 1757 daAuts
     D:2: 1281 daAuts
     D:1: 1202 daAuts
     D:4: 270 daAuts
